 Dungeon Crawl Stone Soup version 0.31-a0-596-g831eee08f1 (webtiles) character file.

Game seed: 5958822666949053904

71 thirtiethelement the Trooper (level 4, -4/37 HPs)
             Began as a Demonspawn Cinder Acolyte on Aug 20, 2023.
             Was a High Priest of Ignis.
             Slain by Grinder (8 damage)
             ... on level 3 of the Dungeon.
             The game lasted 00:04:35 (1534 turns).

thirtiethelement the Trooper (DsCA)                 Turns: 1534, Time: 00:04:36

Health: -4/37      AC: 13    Str: 14    XL:     4   Next: 5%
Magic:  1/5        EV: 10    Int: 17    God:    Ignis [*****.]
Gold:   65         SH:  0    Dex:  9    Spells: 3/5 levels left

rFire   + . .        a - -1 falchion (flame)
rCold   . . .        (no shield)
rNeg    + . .        l - +4 ring mail of the Little Devil {+Inv}
rPois   .            (helmet restricted)
rElec   .            (no cloak)
rCorr   .            (no gloves)
SInv    .            (no boots)
Will    .....        (no amulet) Stlth
                     e - ring of positive energy
HPRegen 0.26/turn    g - +4 ring of protection
MPRegen 0.09/turn

%: no passive effects
@: no status effects
A: horns 2
a: Renounce Religion, Evoke Invisibility, Fiery Armour, Foxfire Swarm, Rising
Flame


You were on level 3 of the Dungeon.
You worshipped Ignis.
Ignis was extremely pleased with you.
You visited 1 branch of the dungeon, and saw 3 of its levels.

You collected 85 gold pieces.
You spent 20 gold pieces at shops.

Inventory:

Hand Weapons
 a - a -1 falchion of flaming (weapon)
Armour
 l - the +4 ring mail of the Little Devil (worn) {+Inv}
   (You found it on level 2 of the Dungeon)

   +Inv:      It lets you turn invisible.
Jewellery
 e - a ring of positive energy (left hand)
 g - a +4 ring of protection (right hand)
 m - a ring of flight
Scrolls
 d - a scroll of teleportation {unknown}
 f - a scroll of torment {unknown}
 i - a scroll of identify
 j - a scroll of fog {unknown}
 k - a scroll of immolation {unknown}
Potions
 h - a potion of mutation {unknown}


   Skills:
 + Level 3.8 Fighting
 + Level 3.3 Long Blades
 + Level 0.1 Armour
 + Level 0.8 Dodging
 + Level 1.1 Spellcasting
 + Level 3.0 Fire Magic


You had 3 spell levels left.
You knew the following spells:

 Your Spells              Type           Power      Damage    Failure   Level
a - Scorch                Fire           22%        2d5       19%         2

Your spell library contained the following spells:

 Spells                   Type           Power      Damage    Failure   Level


Dungeon Overview and Level Annotations

Branches:
Dungeon (3/15)

Altars:

Shops:
D:1 ?

Annotations:
D:3 Grinder


Innate Abilities, Weirdness & Mutations

You have a pair of horns on your head.


Message History

You barely resist.
Casting: Scorch (safe; 19% risk of failure)
Confirm with . or Enter, or press ? or * to list all spells.
Flames lash Grinder.
Grinder is severely wounded.
Grinder's fire resistance burns away.
Grinder gestures at you.
You suddenly lose the ability to move!
Grinder says, "Tell me all your secrets, or I'll kill you."
Grinder gestures at you. Pain shoots through your body!
* * * LOW HITPOINT WARNING * * *
Grinder gestures at you. Pain shoots through your body!
* * * LOW HITPOINT WARNING * * *
You can move again.
You hit Grinder. You burn Grinder. Your headbutt misses Grinder.
Grinder is severely wounded.
Grinder is no longer more vulnerable to fire.
Grinder hits you but does no damage.
You hit Grinder. You burn Grinder. Your headbutt misses Grinder.
Grinder is severely wounded.
Grinder gestures at you.
You barely resist. You barely miss Grinder.
Grinder is severely wounded.
Grinder hits you but does no damage.
You hit Grinder but do no damage.
Grinder is severely wounded.
Grinder gestures at you. Pain shoots through your body!
* * * LOW HITPOINT WARNING * * *
You closely miss Grinder. You headbutt Grinder!
Grinder is almost dead.
Grinder closely misses you.
You hit Grinder but do no damage.
Grinder is almost dead.
Grinder hits you!
You die...
Grinder says, "Now the real fun starts!"

#.#.#.#.# #.. ##
#.#)....# .. .#
#.#.#.#.#########.#.##
............#........##
#.###...###.#.####....#
#.###.### #.#.#...5.#.#
......# #.#.#.##.##.##
#.###.# #.#.#5##......
#.# #.#####.#'#.@..###
#.# #...........##.#
#.# ########....##.#
#.# #....##.#
#.######## #....##.#
..............####.#
..################.#
..# #.....# #
..############.....#


You could see Grinder.

Vanquished Creatures
  An adder (D:3)
  3 worms (D:2)
  A dart slug (D:1)
  An orc (D:2)
  2 bats
  4 endoplasms
  7 goblins
  6 hobgoblins (D:1)
  4 jackals
  2 quokkas (D:1)
  4 ball pythons
  4 frilled lizards
  3 kobolds (D:1)
  2 rats (D:1)
44 creatures vanquished.

Notes
Turn   | Place    | Note
-------+----------+-------------------------------------------
     0 | D:1      | thirtiethelement the Demonspawn Cinder Acolyte began the
                  | quest for the Orb.
     0 | D:1      | Reached XP level 1. HP: 18/18 MP: 2/2
   127 | D:1      | Gained mutation: You have a pair of small horns on your
                  | head. [demonic ancestry]
   127 | D:1      | Reached XP level 2. HP: 14/24 MP: 3/3
   215 | D:1      | Found Retoef's Magic Scroll Shoppe.
   228 | D:1      | Bought a scroll of identify for 20 gold pieces
   264 | D:1      | Learned a level 2 spell: Scorch
   451 | D:1      | Reached XP level 3. HP: 29/29 MP: 2/4
   956 | D:2      | Identified the +4 ring mail of the Little Devil {+Inv}
  1148 | D:3      | Noticed Grinder
  1152 | D:3      | Paralysed by Grinder for 2 turns
  1398 | D:3      | Gained mutation: You have a pair of horns on your head.
                  | [demonic ancestry]
  1398 | D:3      | Reached XP level 4. HP: 37/37 MP: 5/5
  1510 | D:3      | Paralysed by Grinder for 4 turns
  1524 | D:3      | Paralysed by Grinder for 5 turns
  1534 | D:3      | Slain by Grinder

Illustrated notes

Levels and vault maps discovered:
D:1:      zelgadis_glass_arrival_small, layout_rooms, serial_shops, shop,
          item_on_display_a
D:2:      layout_basic
D:3:      layout_basic, serial_glass, glass_columns_a, glass_columns_a,
          glass_columns_a, glass_columns_a, glass_columns_a, st_stairs_5,
          uniq_grinder

Skill      XL: |  1  2  3 |
---------------+----------+-----
Fire Magic     | 3 |  3.0
Long Blades    | 3 |  3.3
Fighting       | |  3.8
Armour         | |  0.1
Dodging        | |  0.8
Spellcasting   | |  1.1

Action                     |  1- 3 |  4- 6 || total
---------------------------+-------+-------++-------
  Melee: Falchion          |   135 |     9 ||   144
         Headbutt          |    13 |     2 ||    15
   Cast: Scorch            |     8 |     3 ||    11
 Armour: Robe              |    36 |       ||    36
         Ring mail         |    13 |     3 ||    16
  Dodge: Dodged            |    83 |     2 ||    85

Table legend: (Time is in decaauts)
 A = Elapsed time spent in this place.
 B = Non-inter-level travel time spent in this place.
 C = Inter-level travel time spent in this place.
 D = Time resting spent in this place.
 E = Time spent auto-exploring this place.
 F = Levels seen in this place.
 G = Mean time per level.
                   A        B        C        D        E       F      G
               +--------+--------+--------+--------+--------+-----+--------+
         Total |   1554 |   1493 |     61 |      0 |   1121 |   3 |  518.0 |
       Dungeon |   1554 |   1493 |     61 |      0 |   1121 |   3 |  518.0 |
               +--------+--------+--------+--------+--------+-----+--------+

Top non-repeatable levels by time:
     D:2: 711 daAuts
     D:1: 616 daAuts
     D:3: 226 daAuts
